 Dungeon Crawl Stone Soup version 0.30-a0-463-g4188047c90 (webtiles) character file.

Game seed: 18049117854215200397

1706502 Sekuso the Formicid Blade (level 26, 160/204 (224) HPs)
             Began as a Formicid Artificer on Dec 16, 2022.
             Was the Champion of Cheibriados.
             Escaped with the Orb
             ... and 3 runes on Dec 17, 2022!
             The game lasted 03:43:33 (60591 turns).

Sekuso the Formicid Blade (Formicid Artificer)     Turns: 60591, Time: 03:43:33

HP:   160/204 (224) AC: 40    Str: 30    XL:     26   Next: 50%
MP:   32/32         EV: 21    Int: 28    God:    Cheibriados [******]
Gold: 1315          SH: 21    Dex: 40    Spells: 25/25 levels left

rFire   + + .      SeeInvis +    a - +9 triple sword (flame)
rCold   + + +      Faith    .    I - +2 kite shield {rC+}
rNeg    . . .      Spirit   .    Q - +12 gold dragon scales
rPois   +          Reflect  .    (helmet unavailable)
rElec   +          Harm     .    P - scarf {rC+ rF+}
rCorr   +          Rampage  .    S - +0 pair of fencer's gloves {Riposte Dex+3}
Will    +++++      Clarity  +    G - +2 pair of boots {Stlth+}
Stlth   ..........               b - dreamshard necklace {*Dream Drain}
HPRegen 0.54/turn                L - ring of Feqaeqyri {Fly rC+ Will+ rCorr}
MPRegen 0.23/turn                p - ring "Uhuizay" {Wiz rElec rF- Will++ SInv}

@: mighty, flying, studying 3 skills, drained, very slow
A: permanent stasis, dig shafts and tunnels, antennae 3, four strong arms,
clarity, deterioration 1, fire resistance 1, poison resistance, weak 2, cold
vulnerability 1, MP-powered wands
0: Orb of Zot
}: 3/15 runes: barnacled, slimy, gossamer
a: Dig, Shaft Self, Renounce Religion, Bend Time, Temporal Distortion, Slouch,
Step From Time


You escaped.
You worshipped Cheibriados.
Cheibriados was exalted by your worship.
You visited 10 branches of the dungeon, and saw 51 of its levels.
You also visited: Trove and Gauntlet.

You collected 5203 gold pieces.
You spent 3888 gold pieces at shops.

Inventory:

Hand Weapons
 a - a +9 triple sword of flaming (weapon)
Missiles
 w - 7 silver javelins (quivered)
 A - 8 curare-tipped darts
 B - 9 throwing nets
Armour
 G - a +2 pair of boots of stealth (worn)
 I - a +2 kite shield of cold resistance (worn)
 M - the +0 buckler "Vaj Hioz" {Contam Fly rCorr}
   (You found it on level 5 of the Pits of Slime)

   Fly:       It grants you flight.
   Contam:    It causes magical contamination when unequipped.
   rCorr:     It protects you from acid and corrosion.
 P - a scarf of resistance (worn)
 Q - +12 gold dragon scales (worn)
 S - the +0 pair of fencer's gloves (worn) {Riposte Dex+3}
   (You found it on level 4 of the Spider Nest)

   It allows the wearer to riposte with melee weapons, swiftly retaliating
   against missed or blocked melee attacks.
   Dex:       It affects your dexterity (+3).
Jewellery
 b - the dreamshard necklace (around neck) {*Dream Drain}
   (You found it on level 5 of the Pits of Slime)

   [amulet of nothing]

   It shatters if its wearer takes lethal or near-lethal damage, preventing the
   blow and releasing protective dreams that heal and fight for the wearer.
   Drain:     It drains your maximum health when unequipped.
 p - the ring "Uhuizay" (right hand) {Wiz rElec rF- Will++ SInv}
   (You found it on level 5 of the Pits of Slime)

   [ring of wizardry]

   It improves your spell success rate.
   rF:        It makes you vulnerable to fire.
   rElec:     It insulates you from electricity.
   SInv:      It lets you see invisible.
   Will:      It greatly increases your willpower.
 u - a ring of positive energy
 F - an amulet of reflection
 L - the ring of Feqaeqyri (left hand) {Fly rC+ Will+ rCorr}
   (You acquired it on level 2 of the Lair of Beasts)

   [ring of flight]

   rC:        It protects you from cold.
   Fly:       It grants you flight.
   rCorr:     It protects you from acid and corrosion.
   Will:      It increases your willpower.
Wands
 c - a wand of flame (41)
 d - a wand of charming (10)
 o - a wand of polymorph (3)
 r - a wand of digging (4)
 v - a wand of paralysis (25)
 x - a wand of light (11)
 y - a wand of mindburst (12)
 U - a wand of roots (32)
Scrolls
 e - 13 scrolls of fog
 f - 8 scrolls of immolation
 i - a scroll of silence
 l - 12 scrolls of poison
 m - 3 scrolls of torment
 z - 8 scrolls of vulnerability
 D - 7 scrolls of fear
 O - 5 scrolls of enchant weapon
 Y - 6 scrolls of amnesia
Potions
 h - 15 potions of curing
 j - 4 potions of magic
 k - 13 potions of attraction
 q - 8 potions of mutation
 E - 4 potions of might
 J - 8 potions of lignification
 K - 6 potions of brilliance
 W - 4 potions of cancellation
 Z - 4 potions of ambrosia
Miscellaneous
 s - a condenser vane (inert)
 C - a phial of floods
 H - a tin of tremorstones (2/2)
 V - a phantom mirror (inert)
 X - a lightning rod (4/4)


   Skills:
 - Level 22.0 Fighting
 - Level 22.0 Long Blades
 - Level 10.0 Throwing
 + Level 19.4 Armour
 - Level 13.7 Dodging
 - Level 10.0 Stealth
 - Level 15.0 Shields
 - Level 12.0 Invocations
 - Level 20.3 Evocations


You had 25 spell levels left.
You didn't know any spells.
Your spell library contained the following spells:

 Spells                   Type           Power      Damage    Failure   Level
 Shock                    Conj/Air       0%         1d3       56%         1
 Scorch                   Fire           0%         2d5       69%         2
 Dazzling Flash           Conj/Hex       0%         N/A       89%         3
 Frozen Ramparts          Ice            0%         1d1       89%         3
 Hailstorm                Conj/Ice       0%         3d3       89%         3
 Ignite Poison            Fire/Tmut/Pois 0%         N/A       89%         3
 Inner Flame              Hex/Fire       0%         N/A       89%         3
 Mephitic Cloud           Conj/Pois/Air  0%         N/A       89%         3
 Stone Arrow              Conj/Erth      0%         3d7       89%         3
 Summon Guardian Golem    Hex/Summ       0%         N/A       89%         3
 Airstrike                Air            0%         2d(0-16)  99%         4
 Animate Armour           Summ/Erth      0%         N/A       99%         4
 Animate Dead             Necr           0%         N/A       99%         4
 Cause Fear               Hex            0%         N/A       99%         4
 Flame Wave               Conj/Fire      0%         2d4       99%         4
 Ice Form                 Ice/Tmut       0%         N/A       99%         4
 Leda's Liquefaction      Hex/Erth       0%         N/A       99%         4
 Olgreb's Toxic Radiance  Pois           0%         N/A       99%         4
 Summon Ice Beast         Ice/Summ       0%         N/A       99%         4
 Summon Lightning Spire   Summ/Air       0%         N/A       99%         4
 Agony                    Necr           0%         N/A       100%        5
 Alistair's Intoxication  Tmut/Pois      0%         N/A       100%        5
 Borgnjor's Vile Clutch   Necr/Erth      0%         N/A       100%        5
 Fireball                 Conj/Fire      0%         3d3       100%        5
 Iskenderun's Battlesphe  Conj           0%         2d6       100%        5
 Lee's Rapid Deconstruct  Erth           0%         3d4*      100%        5
 Lightning Bolt           Conj/Air       0%         1d11      100%        5
 Silence                  Hex/Air        0%         N/A       100%        5
 Summon Forest            Summ/Tloc      0%         N/A       100%        5
 Summon Mana Viper        Hex/Summ       0%         N/A       100%        5
 Conjure Ball Lightning   Conj/Air       0%         3x3d7     100%        6
 Eringya's Noxious Bog    Tmut/Pois      0%         N/A       100%        6
 Iron Shot                Conj/Erth      0%         9d1       100%        6
 Simulacrum               Ice/Necr       0%         N/A       100%        6
 Statue Form              Tmut/Erth      0%         N/A       100%        6
 Summon Cactus Giant      Summ           0%         N/A       100%        6
 Dragon Form              Tmut           0%         N/A       100%        7
 Haunt                    Necr/Summ      0%         N/A       100%        7
 Malign Gateway           Summ/Tloc      0%         N/A       100%        7
 Orb of Destruction       Conj           0%         9d5       100%        7
 Ozocubu's Refrigeration  Ice            0%         4d7       100%        7
 Spellforged Servitor     Conj/Summ      0%         N/A       100%        7
 Storm Form               Tmut/Air       0%         N/A       100%        7
 Summon Hydra             Summ           0%         N/A       100%        7
 Borgnjor's Revivificati  Necr           0%         N/A       100%        8
 Discord                  Hex            0%         N/A       100%        8
 Disjunction              Tloc           0%         N/A       100%        8
 Ignition                 Fire           0%         3d3       100%        8
 Infestation              Necr           0%         N/A       100%        8
 Lehudib's Crystal Spear  Conj/Erth      0%         10d2      100%        8
 Maxwell's Capacitive Co  Air            0%         ∞         100%        8
 Chain Lightning          Conj/Air       0%         N/A       100%        9
 Dragon's Call            Summ           0%         N/A       100%        9
 Fire Storm               Conj/Fire      0%         5d1       100%        9
 Shatter                  Erth           0%         3d5*      100%        9
 Swiftness                Air            Unusable   N/A       N/A         3

Dungeon Overview and Level Annotations

Branches:
Dungeon (15/15)            Temple (0/1) D:6            Lair (5/5) D:9
 Shoals (4/4) Lair:3       Spider (4/4) Lair:2        Slime (5/5) Lair:4
    Orc (2/2) D:9             Elf (3/3) Orc:2        Vaults (4/5) D:13
  Crypt (0/3) Vaults:3     Depths (4/4) D:15            Zot (5/5) Depths:4
Gauntlet (visited)

Altars:
Cheibriados
Dithmenos
Fedhas
Gozag
Kikubaaqudgha
Makhleb
Okawaru
Ru
Sif Muna
Trog
Uskayaw
Vehumet
Wu Jian
Yredelemnul
The Shining One
Jiyva
Lugonu

Shops:
D:4 *   D:9 ?*[!(   D:12 ?   Orc:2 [!*:(=(*   Elf:2 !   Elf:3 [[**?
Shoals:3 *([*   Depths:1 *

Portals:
Hell: Depths:1 Depths:2 Depths:3 Depths:4
Abyss: Lair:5 Depths:2 Depths:3 Depths:4
Pandemonium: Depths:2
Ziggurat: Depths:4

Annotations:
D:4 exclusion: 2 downstairs
D:6 exclusion: downstairs
Lair:4 exclusion: downstairs
Shoals:1 1 runed translucent door, exclusion: downstairs, Thargor's ghost, journeyman OpFE
Spider:3 2 transporters, exclusion: downstairs, Wosux's ghost, journeyman GrFi
Elf:2 3 runed translucent doors
Vaults:2 Koerph's ghost, adept SpEn
Vaults:4 2 transporters, exclusion: orange crystal statue
Depths:3 3 runed translucent doors, exclusions: 3 doors and downstairs, Goshris's ghost, veteran DjFE
Zot:5 1 exclusion


Innate Abilities, Weirdness & Mutations

You cannot be hasted, slowed, berserked, paralysed or teleported.
You can dig through walls and to a lower floor.
You have a pair of large antennae on your head. (SInv)
Your four strong arms can wield two-handed weapons with a shield.
You possess an exceptional clarity of mind.
Your body sometimes deteriorates upon taking damage.
Your flesh is heat resistant. (rF+)
Your system is resistant to poisons. (rPois)
You are very weak. (Str -4)
You are vulnerable to cold. (rC-)
You expend magic power (3 MP) to strengthen your wands.


Message History

You are more poisoned.
You block the demonspawn warmonger's attack.
You riposte.
You carve the demonspawn warmonger like a ham!!!
You burn the demonspawn warmonger.
The demonspawn warmonger is severely wounded.
You block the demonspawn warmonger's attack.
The demonspawn warmonger is engulfed in poison gas.
The demonspawn warmonger looks as sick as possible!
You block the demonspawn warmonger's attack.
The demonspawn warmonger completely misses you.
The demonspawn warmonger gores you but does no damage.
There is an open door, spattered with blood here.
You slice the demonspawn warmonger!! You burn the demonspawn warmonger.
You kill the demonspawn warmonger!
Cheibriados appreciates the change of pace.
You feel sick.
A ynoxinul comes into view.
You feel very sick.
You slice the ynoxinul!! You burn the ynoxinul.
The ynoxinul is severely wounded.
You feel sick.
You slice the ynoxinul!! You burn the ynoxinul.
You kill the ynoxinul!
Cheibriados thoroughly appreciates the change of pace.
You feel sick.
You feel sick.
There is an open door, spattered with blood here.
You feel sick.
Items here: ))) [[[ †.
You feel sick.
You feel sick.
You start to feel less resistant.
You feel sick.
You feel sick.
You are no longer poisoned.
Your resistance to elements expires.
There is an open door here.
There is a staircase leading out of the dungeon here.
You have escaped!

.#.#....#################........
...#...## ###.......### ##.......
...#..## ##...........## ##......
##.#..# ##....##'##....####....##
.#.#..# #...####)####..........#
...#.####..##.......##..####...#
.#.#.# #...#..#####..#...# #...#
.#.#.# #..##.##...##.##..# #...#
.#.#.# #..##.##.@.##.##..# #...#
.....# #..##.##...##.##..# #...#
.....# #...#..##'##..#...# #...#
...#.####..##.......##..####...#
...#..# #...#########...# #....#
...#..# ##....#####....## #....##
..##..## ##...........## ##......
...#...## ###.......### ##......#
.#......########.########....##>#


There were no monsters in sight!

Vanquished Creatures
  the Royal Jelly (Slime:5)
  3 dread liches (Zot:5)
  3 orbs of fire (Zot:5)
  2 ancient liches (Zot:5)
  Mara (Shoals:3)
  A pandemonium lord (Zot:4)
  Parghit (Depths:4)
  Boris (Vaults:3)
  6 Killer Klowns (Zot:5)
  Saint Roka (Depths:1)
  Frederick (Vaults:2)
  3 curse toes (Zot:5)
  Nikola (Elf:1)
  A golden dragon (Zot:5)
  3 caustic shrikes
  2 doom hounds (Depths:4)
  2 bone dragons
  Arachne (Spider:4)
  2 electric golems (Zot:5)
  Jorgrun (Shoals:3)
  8 tentacled monstrosities
  Zenata (Vaults:2)
  2 Ice Fiends
  2 liches
  Grunn (Depths:3)
  26 Orb Guardians (Zot:5)
  4 deep elf blademasters (Elf:3)
  A titan (Vaults:2)
  A walking earthen tome (Depths:3)
  3 deep elf master archers (Elf:3)
  A walking divine tome (Depths:3)
  2 quicksilver dragons (Zot:5)
  12 acid blobs
  4 death cobs
  8 azure jellies
  The ghost of Keqithrua the Black Belt, an adept DsGl of Nemelex Xobeh (Shoals:3)
  Kirke (Lair:3)
  A shadow dragon (Zot:1)
  5 storm dragons
  Donald (Shoals:2)
  2 tengu reavers
  2 sphinxes
  3 demonspawn warmongers
  Ilsuiw (Shoals:2)
  2 fire giants
  7 rockslimes (Slime:5)
  2 draconian knights (Zot:5)
  12 deep elf sorcerers
  9 vault wardens
  8 ghost moths
  7 frost giants
  A balrug (Zot:5)
  2 iron dragons
  A caustic shrike zombie (Depths:1)
  A spectral juggernaut (Depths:2)
  2 emperor scorpions (Spider:4)
  3 draconian scorchers (Zot:5)
  2 draconian shifters
  4 deep elf elementalists (Elf:3)
  A draconian stormcaller (Zot:5)
  An angel (Depths:4)
  3 orc warlords
  11 ironbound preservers
  A draconian annihilator (Depths:4)
  2 reapers
  14 very ugly things
  13 stone giants
  11 quicksilver oozes
  4 broodmothers
  6 ironbound thunderhulks
  A war gargoyle (Vaults:4)
  2 green draconians
  A demonspawn black sun (Zot:5)
  19 dire elephants
  A black draconian (Zot:5)
  2 white draconians (Zot:5)
  7 deep elf demonologists
  2 red draconians
  3 purple draconians
  12 deep elf annihilators
  The ghost of Thargor the Fighter, a journeyman MiFi of Gozag (D:11)
  8 spark wasps (Depths:3)
  Snorg (D:10)
  4 ettins
  2 green deaths
  4 fire dragons
  10 merfolk impalers
  A blizzard demon (Depths:2)
  5 merfolk javelineers
  10 great orbs of eyes
  8 deep elf death magi (Elf:3)
  8 entropy weavers
  13 yaktaur captains
  2 vault guards (Vaults:4)
  3 catoblepae
  8 deep elf high priests
  9 ice dragons
  2 rakshasas
  4 hydras
  A hell beast (Depths:2)
  9 ironbound frosthearts
  3 spriggan air magi (Depths:3)
  A peacekeeper (Vaults:4)
  3 jorogumos
  An ogre mage (Vaults:2)
  7 boulder beetles
  2 merfolk avatars
  2 alligator snapping turtles
  7 two-headed ogres
  3 centaur warriors
  19 dancing weapons
  4 merfolk aquamancers
  3 death yaks (Lair:3)
  6 radroaches
  7 tengu warriors
  A vampire mage (Depths:3)
  6 deep troll shamans
  A hell hog (Depths:2)
  4 thrashing horrors (Lair:5)
  7 deep troll earth magi
  Urug (Lair:2)
  A hell knight (Depths:2)
  5 spriggan berserkers (Depths:3)
  11 deep elf knights
  Sonja (Lair:3)
  A soul eater (Zot:5)
  5 sun demons
  9 iron trolls
  An orc high priest (Orc:2)
  A sun moth (Spider:1)
  2 shadow wraiths
  A sixfirhy (Zot:5)
  4 pharaoh ants
  A storm dragon skeleton (Depths:1)
  5 steelbarb worms
  3 glowing orange brains
  9 sea snakes
  9 wizards
  13 deep elf archers
  A shadow demon (Zot:5)
  A tengu zombie (Depths:1)
  11 orb spiders
  37 deep trolls
  13 ironbound convokers
  2 harpies (Shoals:3)
  12 lindwurms
  22 deep elf zephyrmancers
  20 deep elf pyromancers
  14 orc knights
  6 necromancers
  A stone giant zombie (Depths:1)
  14 wolf spiders
  A fire giant zombie (Depths:1)
  8 manticores
  40 ugly things
  4 shining eyes
  A moth of wrath (shapeshifter) (Lair:5)
  7 orc sorcerers
  14 cyclopes
  A toenail golem (Zot:5)
  5 large abominations
  9 moths of wrath
  9 water nymphs
  7 merfolk sirens
  3 rust devils
  3 black mambas
  3 orange demons
  6 elephants (Lair:5)
  11 vault sentinels
  A fire giant skeleton (Depths:1)
  3 smoke demons
  Joseph (D:9)
  14 cane toads
  6 torpor snails
  2 gargoyles
  A torpor snail (shapeshifter) (Vaults:2)
  Maggie (D:6)
  6 komodo dragons
  4 unseen horrors
  A demonic crawler (Spider:3)
  17 yaktaurs
  3 tengu conjurers
  An efreet (D:15)
  2 freezing wraiths (D:15)
  2 hellwings (Depths:2)
  2 ancient zymes (Lair:5)
  3 rime drakes
  3 meliai (Spider:3)
  A polar bear (Lair:4)
  35 tarantellas
  18 merfolk
  12 trolls
  Grinder (D:6)
  2 hornets (Depths:3)
  17 blink frogs
  10 saltlings (Orc:2)
  91 slime creatures
  7 snapping turtles
  3 wind drakes
  A fire giant simulacrum (Depths:1)
  21 jumping spiders
  Sigmund (D:2)
  3 shadows
  A centaur simulacrum (D:15)
  18 water elementals
  2 air elementals
  4 spriggans
  2 spriggan skeletons (Depths:1)
  21 culicivoras
  2 vampires (D:13)
  47 yaks
  10 wyverns
  8 basilisks
  2 ynoxinuls
  5 golden eyes (Slime:4)
  2 hogs (Lair:3)
  A fire elemental (Elf:1)
  4 vampire mosquitoes
  4 chaos spawn
  52 redbacks
  4 neqoxecs
  3 steam dragons
  6 wargs
  2 acid dragons
  19 small abominations
  21 water moccasins
  18 orc warriors
  2 black bears (shapeshifter)
  5 hell hounds (Zot:5)
  2 black bears
  3 ogres
  A sky beast (D:8)
  A boggart (Vaults:1)
  8 wolves
  A wolf (shapeshifter) (Lair:5)
  2 centaurs
  3 phantoms
  A kobold brigand (D:9)
  16 bullfrogs
  2 scorpions
  4 necrophages
  2 gnoll sergeants
  10 wights
  A troll zombie (D:9)
  6 electric eels
  2 howler monkeys
  3 quasits (D:11)
  2 jellies
  A hound (D:6)
  13 orc priests
  3 iguanas
  Jessica (D:2)
  2 gnoll boudas
  21 orc wizards
  A statue (D:12)
  7 ogre zombies (D:9)
  10 adders
  21 gnolls
  A white imp (D:6)
  2 worms
  3 dart slugs
  75 orcs
  5 bats
  3 endoplasms
  4 giant cockroaches
  7 goblins
  5 hobgoblins
  12 jackals
  A quokka (D:1)
  9 ball pythons
  5 frilled lizards
  2 goblin skeletons (D:9)
  2 goblin zombies (D:9)
  A hobgoblin skeleton (D:9)
  3 hobgoblin zombies (D:9)
  5 kobolds
  4 orc skeletons (D:9)
  13 orc zombies (D:9)
  7 rats
  A butterfly (Lair:4)
  22 pillars of salt (Orc:2)
1782 creatures vanquished.

Vanquished Creatures (collateral kills)
  An acid blob (Slime:5)
  An azure jelly (Slime:5)
  3 rockslimes (Slime:5)
  A great orb of eyes (Slime:5)
  A dancing weapon (Elf:1)
  3 slime creatures (Slime:5)
  2 tarantellas (Spider:4)
  A redback (Spider:4)
  4 gnolls
17 creatures vanquished.

Vanquished Creatures (others)
  A merfolk impaler (Shoals:4)
  A sea snake (Shoals:4)
  A deep elf zephyrmancer (Elf:3)
  2 deep elf pyromancers
  2 manticores
  A wind drake (Shoals:4)
  A snapping turtle (Shoals:4)
  A water elemental (D:15)
  A human (D:8)
  5 bushes
  22 fungi
  3 pillars of salt (Orc:2)
  150 plants
191 creatures vanquished.

Grand Total: 1990 creatures vanquished

Notes
Turn   | Place    | Note
-------+----------+-------------------------------------------
     0 | D:1      | Sekuso the Formicid Artificer began the quest for the Orb.
     0 | D:1      | Reached XP level 1. HP: 15/15 MP: 1/1
   177 | D:1      | Reached XP level 2. HP: 12/22 MP: 2/2
   398 | D:1      | Reached XP level 3. HP: 20/29 MP: 3/3
  1415 | D:2      | Reached XP level 4. HP: 32/37 MP: 4/4
  1733 | D:2      | Noticed Jessica
  1735 | D:2      | Killed Jessica
  1736 | D:2      | Reached skill level 1 in Long Blades
  1804 | D:2      | Noticed Sigmund
  1812 | D:2      | Killed Sigmund
  1813 | D:2      | Reached XP level 5. HP: 42/42 MP: 5/5
  1813 | D:2      | Reached XP level 6. HP: 48/48 MP: 6/6
  2786 | D:3      | Reached skill level 5 in Long Blades
  3082 | D:3      | Reached XP level 7. HP: 54/55 MP: 7/7
  3359 | D:4      | Found Tatt's Fire Supplies.
  3373 | D:4      | Bought a +0 pair of gloves of fire resistance for 126 gold
                  | pieces
  3421 | D:4      | Reached skill level 5 in Fighting
  4038 | D:5      | Entered Level 5 of the Dungeon
  4531 | D:4      | Reached XP level 8. HP: 57/63 MP: 8/8
  5060 | D:5      | Found a snail-covered altar of Cheibriados.
  5070 | D:5      | Became a worshipper of Cheibriados the Contemplative
  5626 | D:5      | Reached skill level 1 in Dodging
  6117 | D:6      | Found a burning altar of Makhleb.
  6117 | D:6      | Noticed a balrug
  6118 | D:6      | Found a shimmering blue altar of Sif Muna.
  6125 | D:6      | Reached XP level 9. HP: 69/72 MP: 9/9
  6135 | D:6      | Noticed Grinder
  6150 | D:6      | Killed Grinder
  6150 | D:6      | Reached * piety under Cheibriados
  6347 | D:6      | Reached skill level 1 in Invocations
  6450 | D:6      | Found an iron altar of Okawaru.
  6536 | D:6      | Found a staircase to the Ecumenical Temple.
  6820 | D:6      | Noticed Maggie
  6846 | D:6      | Killed Maggie
  7637 | D:7      | Found an ornate altar of the Wu Jian Council.
  8057 | D:7      | Reached XP level 10. HP: 61/75 MP: 10/13
  8070 | D:7      | Reached ** piety under Cheibriados
  8574 | D:8      | Found a bloodstained altar of Trog.
  8674 | D:8      | Found an ancient bone altar of Kikubaaqudgha.
  8882 | D:8      | Found a basalt altar of Yredelemnul.
  8884 | D:8      | Found a blossoming altar of Fedhas.
  8886 | D:8      | Found a radiant altar of Vehumet.
  8888 | D:8      | Found an opulent altar of Gozag.
  8889 | D:8      | Found a sacrificial altar of Ru.
  9134 | D:9      | Found Ucsod's Magic Scroll Shoppe.
  9139 | D:9      | Bought a scroll of fear for 60 gold pieces
  9139 | D:9      | Bought 3 scrolls of identify for 90 gold pieces
 10026 | D:9      | Found Lompiupra's Distillery.
 10039 | D:9      | Bought a potion of curing for 42 gold pieces
 10039 | D:9      | Bought a potion of curing for 42 gold pieces
 10046 | D:9      | Noticed Joseph
 10115 | D:9      | Reached skill level 5 in Shields
 10164 | D:9      | Found a glowing golden altar of the Shining One.
 10207 | D:9      | Found Duemoax's Antique Armour Shoppe.
 10357 | D:9      | Found a staircase to the Orcish Mines.
 10404 | D:9      | Reached *** piety under Cheibriados
 10425 | D:9      | Reached XP level 11. HP: 77/87 MP: 14/14
 10603 | D:9      | Reached skill level 5 in Invocations
 10609 | D:9      | Reached skill level 10 in Shields
 10637 | D:9      | Found a staircase to the Lair.
 10666 | D:9      | Reached skill level 5 in Dodging
 10894 | D:9      | Found a hide-covered altar of Uskayaw.
 11004 | D:9      | Reached **** piety under Cheibriados
 11033 | D:9      | Killed Joseph
 11117 | D:9      | Found Qelagig's Weapon Boutique.
 11211 | D:9      | Found Wujyid's General Store.
 11430 | D:10     | Entered Level 10 of the Dungeon
 11640 | D:10     | Reached skill level 10 in Long Blades
 11810 | D:10     | Reached skill level 5 in Armour
 12011 | D:10     | Noticed Snorg
 12067 | D:10     | Killed Snorg
 12068 | D:10     | Reached skill level 10 in Fighting
 12068 | D:10     | Reached XP level 12. HP: 55/97 MP: 17/17
 12475 | Lair:1   | Entered Level 1 of the Lair of Beasts
 12522 | Lair:1   | Reached ***** piety under Cheibriados
 12970 | Lair:1   | Reached skill level 10 in Invocations
 13454 | Lair:2   | Found a gate leading to a gauntlet.
 13525 | Gauntlet | Entered a Gauntlet
 13525 | Gauntlet | Noticed a catoblepas
 13525 | Gauntlet | Found a transporter.
 13532 | Gauntlet | Found a transporter.
 13534 | Gauntlet | Found a transporter.
 13539 | Gauntlet | Found a runed translucent door.
 13541 | Gauntlet | Found a runed translucent door.
 13544 | Gauntlet | Found a transporter.
 13547 | Gauntlet | Found a transporter.
 13549 | Gauntlet | Noticed a sixfirhy
 13550 | Gauntlet | Noticed a sixfirhy
 13551 | Gauntlet | Noticed a sixfirhy
 13553 | Gauntlet | Noticed a sixfirhy
 13557 | Gauntlet | Found a transporter.
 13575 | Gauntlet | Found a transporter.
 13587 | Gauntlet | Found a transporter.
 13590 | Gauntlet | Noticed a quicksilver ooze
 13598 | Gauntlet | Found a transporter.
 13603 | Gauntlet | Noticed a reaper
 13613 | Gauntlet | Found a transporter.
 13628 | Gauntlet | Found a transporter.
 13628 | Gauntlet | Found a transporter.
 13680 | Gauntlet | Found a transporter.
 13683 | Gauntlet | Found a transporter.
 13819 | Lair:2   | Found a hole to the Spider Nest.
 14020 | Lair:2   | Noticed Urug
 14062 | Lair:2   | Killed Urug
 14365 | Lair:2   | Identified a scroll of acquirement
 14365 | Lair:2   | Acquired the ring of Feqaeqyri {Fly rC+ Will+ rCorr}
 14751 | Lair:3   | Reached XP level 13. HP: 103/103 MP: 22/22
 15162 | Lair:3   | Found a staircase to the Shoals.
 15335 | Lair:3   | Noticed Kirke
 15965 | Lair:3   | Noticed Sonja
 15994 | Lair:3   | Killed Sonja
 16297 | Lair:3   | Killed Kirke
 16545 | Lair:4   | Found a viscous altar of Jiyva.
 16545 | Lair:4   | Found a staircase to the Slime Pits.
 16663 | Lair:5   | Entered Level 5 of the Lair of Beasts
 17050 | Lair:4   | Identified the +5 long sword of the Endless March {freeze,
                  | rElec rC+ Dex+7}
 17514 | Lair:5   | Reached skill level 5 in Evocations
 17527 | Lair:5   | Reached XP level 14. HP: 110/110 MP: 23/23
 18036 | Lair:5   | Reached ****** piety under Cheibriados
 18414 | Lair:5   | Found a corrupted altar of Lugonu.
 18414 | Lair:5   | Found a one-way gate to the infinite horrors of the Abyss.
 18780 | Orc:1    | Entered Level 1 of the Orcish Mines
 19114 | Orc:2    | Entered Level 2 of the Orcish Mines
 19136 | Orc:2    | Found Kasas's Distillery.
 19176 | Orc:2    | Found Culyot's General Store.
 19265 | Orc:2    | Found Batavar's Armour Emporium.
 19307 | Orc:2    | Found Omacwed's Book Shop.
 19424 | Orc:2    | Noticed an orc warlord
 19440 | Orc:2    | Reached skill level 10 in Dodging
 19440 | Orc:2    | Reached XP level 15. HP: 115/115 MP: 13/24
 19444 | Orc:2    | Killed an orc warlord
 19460 | Orc:2    | Found Qakyciuke's Jewellery Shoppe.
 19466 | Orc:2    | Found Fupompef's Antique Weapon Shoppe.
 19494 | Orc:2    | Found Tiomeyrr's Assorted Antiques.
 19501 | Orc:2    | Bought a potion of might for 108 gold pieces
 19957 | Orc:2    | Found Fineppir's Antique Weapon Boutique.
 19989 | Orc:2    | Bought a glowing triple sword for 546 gold pieces
 20051 | Orc:2    | Found a staircase to the Elven Halls.
 20688 | D:11     | Identified the +5 war axe of Tortfeasance {flame, rElec
                  | SInv Stlth+}
 20731 | D:11     | Identified the -2 cloak of the Nightingale {SInv}
 20792 | D:11     | Found a transporter.
 20802 | D:11     | Found a transporter.
 20803 | D:11     | Noticed Thargor's ghost (journeyman MiFi)
 21281 | D:12     | Found a radiant altar of Vehumet.
 21342 | D:12     | Found Nyroluit's Magic Scroll Shop.
 21346 | D:12     | Bought a scroll of enchant weapon for 105 gold pieces
 21346 | D:12     | Bought a scroll of fear for 56 gold pieces
 21787 | D:12     | Bought a scroll of summoning for 133 gold pieces
 22170 | D:13     | Found a gate to the Vaults.
 22599 | D:13     | Noticed an iron dragon
 22683 | D:13     | Found the +6 shillelagh "Devastator" {shatter}
 22893 | D:13     | Killed an iron dragon
 23618 | D:15     | Entered Level 15 of the Dungeon
 23636 | D:15     | Reached XP level 16. HP: 132/134 MP: 25/25
 23814 | D:15     | Reached skill level 15 in Fighting
 23828 | D:15     | Reached skill level 15 in Long Blades
 24027 | D:15     | Found a staircase to the Depths.
 24071 | D:15     | Noticed an azure jelly
 24084 | D:15     | Killed an azure jelly
 24742 | D:9      | Bought a phantom mirror for 560 gold pieces
 24761 | D:9      | Upgraded the game from 0.30-a0-462-gd5975efbca to
                  | 0.30-a0-463-g4188047c90
 24835 | Spider:1 | Entered Level 1 of the Spider Nest
 25772 | Spider:1 | Reached skill level 10 in Evocations
 25789 | Spider:1 | Gained mutation: You are frail. (-10% HP) [mutagenic glow]
 27180 | Spider:3 | Reached XP level 17. HP: 61/127 MP: 19/26
 27630 | Spider:3 | Found a transporter.
 27636 | Spider:3 | Noticed Wosux's ghost (journeyman GrFi)
 27857 | Spider:4 | Entered Level 4 of the Spider Nest
 28082 | Spider:3 | Found a transporter.
 28083 | Spider:3 | Found the amulet of the Air {Inacc Air Fly rElec RMsl}
 28477 | Spider:4 | Reached skill level 10 in Armour
 28595 | Spider:3 | Reached skill level 1 in Throwing
 28657 | Spider:3 | Gained mutation: You have hidden genetic potential.
                  | [mutagenic glow]
 29393 | Spider:3 | Lost mutation: You have hidden genetic potential.
                  | [mutagenic glow]
 29950 | Spider:4 | Reached skill level 5 in Throwing
 30432 | Spider:4 | Noticed Arachne
 30458 | Spider:4 | Killed Arachne
 30933 | Spider:4 | Found the +0 pair of fencer's gloves {Riposte Dex+3}
 30952 | Spider:4 | Got a gossamer rune of Zot
 31028 | Spider:4 | Reached XP level 18. HP: 134/134 MP: 13/27
 31670 | D:9      | Bought a pair of runed boots for 195 gold pieces
 31753 | Shoals:1 | Entered Level 1 of the Shoals
 31787 | Shoals:2 | Noticed Ilsuiw
 32000 | Shoals:1 | Reached skill level 10 in Throwing
 32269 | Shoals:1 | Found a runed translucent door.
 32441 | Shoals:1 | Noticed Thargor's ghost (journeyman OpFE)
 33012 | D:11     | Killed Thargor's ghost
 33024 | D:11     | Identified the +5 leather armour of Daisies {rC+}
 33416 | Shoals:2 | Got the Verses on the Pyromaniac and Shifting
 33437 | Shoals:2 | Noticed Donald
 33456 | Shoals:2 | Killed Donald
 33589 | Shoals:2 | Killed Ilsuiw
 34281 | Shoals:4 | Entered Level 4 of the Shoals
 34461 | Shoals:3 | Noticed Mara
 34469 | Shoals:3 | Noticed Sekuso's illusion
 34469 | Shoals:3 | Killed Mara
 34474 | Shoals:3 | Noticed Jorgrun
 34480 | Shoals:3 | Killed Jorgrun
 34571 | Shoals:3 | Reached skill level 15 in Evocations
 34631 | Shoals:3 | Found a transporter.
 34634 | Shoals:3 | Noticed Keqithrua's ghost (adept DsGl)
 34928 | Shoals:3 | Noticed a kraken
 35041 | Shoals:3 | Found a transporter.
 35078 | Shoals:3 | Identified the +1 leather armour of the Pink Corner {rPois
                  | MP-9 Int+4}
 35324 | Shoals:3 | Found Cidepic's Visitors' Centre.
 35331 | Shoals:3 | Found Cidepic's Merfolk Magic.
 35987 | Shoals:4 | Reached skill level 5 in Stealth
 35998 | Shoals:4 | Reached XP level 19. HP: 70/139 MP: 20/28
 36011 | Shoals:4 | Got a barnacled rune of Zot
 36368 | Elf:1    | Entered Level 1 of the Elven Halls
 36608 | Elf:1    | Found a radiant altar of Vehumet.
 36960 | Elf:1    | Noticed Nikola
 36974 | Elf:1    | Killed Nikola
 36995 | Elf:1    | Reached skill level 10 in Stealth
 37900 | Elf:2    | Found Nihiz's Distillery.
 37907 | Elf:2    | Bought 2 potions of might for 112 gold pieces
 37907 | Elf:2    | Bought 2 potions of curing for 84 gold pieces
 37907 | Elf:2    | Bought a potion of heal wounds for 70 gold pieces
 37907 | Elf:2    | Bought a potion of curing for 42 gold pieces
 37907 | Elf:2    | Bought a potion of heal wounds for 70 gold pieces
 37907 | Elf:2    | Bought a potion of might for 56 gold pieces
 37907 | Elf:2    | Bought a potion of heal wounds for 70 gold pieces
 38081 | Elf:2    | Found a runed translucent gate.
 38082 | Elf:2    | Found a runed translucent gate.
 38082 | Elf:2    | Found a runed translucent gate.
 38191 | Elf:3    | Entered Level 3 of the Elven Halls
 38191 | Elf:3    | Found Kumivete's Assorted Antiques.
 38238 | Elf:3    | Found Guxoac's General Store.
 38343 | Elf:3    | Found Diapn's Armour Shoppe.
 38427 | Elf:3    | Found Opiateaw's Armour Boutique.
 38489 | Elf:3    | Found Herr's Magic Scroll Boutique.
 38494 | Elf:3    | Bought a scroll of brand weapon for 161 gold pieces
 38901 | Elf:3    | Reached XP level 20. HP: 108/147 MP: 29/29
 39041 | Elf:3    | Identified the +4 scimitar of the Hall of Blades {vorpal,
                  | Will++ Stlth+}
 39772 | Elf:3    | Identified the +5 demon whip of Fate {venom, *Rage rN+
                  | Int+3}
 39870 | Elf:3    | Identified the +9 broad axe of the Singing Viper {pain,
                  | rElec Will+}
 40742 | Depths:1 | Entered Level 1 of the Depths
 41091 | Depths:1 | Found a gateway to Hell.
 41284 | Depths:1 | Noticed Saint Roka
 41311 | Depths:1 | Killed Saint Roka
 41317 | Depths:1 | Reached XP level 21. HP: 110/156 MP: 30/30
 41581 | Depths:1 | Found Voiw's Assorted Antiques.
 41588 | Depths:1 | Bought a tin of tremorstones (2/2) for 1160 gold pieces
 42015 | Depths:2 | Found a one-way gate leading to the halls of Pandemonium.
 42261 | Depths:2 | Noticed a bone dragon
 42265 | Depths:2 | Killed a bone dragon
 42397 | Depths:2 | Got the Precepts of Foul Congelation
 42776 | Depths:2 | Found a basalt altar of Yredelemnul.
 44277 | Depths:3 | Found a shadowy altar of Dithmenos.
 44320 | Depths:3 | Found a runed translucent gate.
 44321 | Depths:3 | Found a runed translucent gate.
 44327 | Depths:3 | Found a runed translucent gate.
 44342 | Depths:3 | Found an ancient bone altar of Kikubaaqudgha.
 44343 | Depths:3 | Noticed a dread lich
 44344 | Depths:3 | Noticed Goshris's ghost (veteran DjFE)
 45024 | Depths:3 | Noticed an ancient lich
 45055 | Depths:4 | Entered Level 4 of the Depths
 45055 | Depths:4 | Noticed a bone dragon
 45097 | Depths:4 | Noticed a doom hound
 45097 | Depths:4 | Noticed a doom hound
 45097 | Depths:4 | Noticed a caustic shrike
 45099 | Depths:4 | Killed a caustic shrike
 45099 | Depths:4 | Noticed Grunn
 45100 | Depths:4 | Noticed a caustic shrike
 45100 | Depths:4 | Noticed a caustic shrike
 45105 | Depths:3 | Reached XP level 22. HP: 147/163 MP: 16/31
 45422 | Vaults:1 | Entered Level 1 of the Vaults
 45448 | Vaults:1 | Found a portal to a secret trove of treasure.
 46842 | Vaults:2 | Found a huge runed gate.
 46842 | Vaults:2 | Found a huge runed gate.
 46842 | Vaults:2 | Found a huge runed gate.
 46872 | Vaults:2 | Found a huge runed gate.
 46873 | Vaults:2 | Found a huge runed gate.
 46873 | Vaults:2 | Found a huge runed gate.
 46874 | Vaults:2 | Found a huge runed gate.
 46874 | Vaults:2 | Found a huge runed gate.
 46874 | Vaults:2 | Found a huge runed gate.
 46875 | Vaults:2 | Found a huge runed gate.
 46875 | Vaults:2 | Found a huge runed gate.
 47356 | Vaults:2 | Noticed Frederick
 47476 | Vaults:2 | Found a runed translucent gate.
 47476 | Vaults:2 | Found a runed translucent gate.
 47476 | Vaults:2 | Found a runed translucent gate.
 47476 | Vaults:2 | Noticed Koerph's ghost (adept SpEn)
 47536 | Vaults:2 | Lost mutation: You are frail. (-10% HP) [potion of
                  | mutation]
 47536 | Vaults:2 | Gained mutation: You are covered in fur. (AC +1) [potion of
                  | mutation]
 47536 | Vaults:2 | Gained mutation: Your flesh is heat resistant. (rF+)
                  | [potion of mutation]
 47536 | Vaults:2 | Gained mutation: You are weak. (Str -2) [potion of
                  | mutation]
 47536 | Vaults:2 | Gained mutation: Your spells are a little harder to cast,
                  | but a little more powerful. [potion of mutation]
 47574 | Vaults:2 | Noticed Zenata
 47583 | Vaults:2 | Killed Zenata
 47792 | Vaults:2 | Found a huge runed gate.
 47792 | Vaults:2 | Found a huge runed gate.
 47792 | Vaults:2 | Found a huge runed gate.
 47792 | Vaults:2 | Found a huge runed gate.
 47792 | Vaults:2 | Found a huge runed gate.
 47792 | Vaults:2 | Found a huge runed gate.
 47793 | Vaults:2 | Found a huge runed gate.
 47793 | Vaults:2 | Found a huge runed gate.
 47793 | Vaults:2 | Found a huge runed gate.
 47793 | Vaults:2 | Found a huge runed gate.
 47865 | Vaults:2 | Identified the ring "Julid" {+Blink rC+ Will+ Dex+4}
 48047 | Vaults:2 | Reached XP level 23. HP: 194/196 MP: 32/32
 48053 | Vaults:2 | Killed Frederick
 48490 | Vaults:2 | Found a viscous altar of Jiyva.
 48672 | Vaults:3 | Noticed Boris
 48679 | Vaults:3 | Killed Boris
 49280 | Vaults:3 | You are sucked into a shaft and drop 1 floor!
 49282 | Vaults:4 | Identified the +7 plate armour of the Old World {rN+}
 49327 | Vaults:4 | Found a transporter.
 49338 | Vaults:4 | Found a transporter.
 50239 | Vaults:4 | Reached skill level 15 in Shields
 50908 | Vaults:3 | Found a staircase to the Crypt.
 50908 | Vaults:3 | Found a basalt altar of Yredelemnul.
 50909 | Vaults:3 | Found an ancient bone altar of Kikubaaqudgha.
 51344 | Slime:1  | Entered Level 1 of the Pits of Slime
 51441 | Slime:3  | Reached XP level 24. HP: 194/208 MP: 32/32
 51547 | Slime:5  | Entered Level 5 of the Pits of Slime
 51560 | Slime:5  | Gained mutation: You are vulnerable to cold. (rC-) [a
                  | shining eye]
 51743 | Slime:5  | Noticed the Royal Jelly
 51750 | Slime:5  | Killed the Royal Jelly
 51908 | Slime:5  | Gained mutation: You are frail. (-10% HP) [a shining eye]
 51913 | Slime:5  | Lost mutation: You are frail. (-10% HP) [potion of
                  | mutation]
 51913 | Slime:5  | Lost mutation: You are covered in fur. (AC +1) [potion of
                  | mutation]
 51913 | Slime:5  | Lost mutation: Your spells are a little harder to cast, but
                  | a little more powerful. [potion of mutation]
 51913 | Slime:5  | Gained mutation: Your system is resistant to poisons.
                  | (rPois) [potion of mutation]
 51913 | Slime:5  | Gained mutation: You expend magic power (3 MP) to
                  | strengthen your wands. [potion of mutation]
 51913 | Slime:5  | Gained mutation: You possess an exceptional clarity of
                  | mind. [potion of mutation]
 51933 | Slime:5  | Found the dreamshard necklace {*Dream Drain}
 51950 | Slime:5  | Identified the ring "Uhuizay" {Wiz rElec rF- Will++ SInv}
 51967 | Slime:5  | Got the Compendium of Evil and the Squall
 52024 | Slime:5  | Got a slimy rune of Zot
 52046 | Slime:5  | Identified the +0 buckler "Vaj Hioz" {Contam Fly rCorr}
 52052 | Slime:5  | Identified the amulet of Jatture {RegenMP Dex+3}
 52578 | Vaults:1 | You showed the slimy rune of Zot to enter a treasure trove
 52579 | Trove    | Entered a treasure trove
 52629 | Trove    | Identified the amulet "Wuydgh Teyr" {Faith Harm +Inv}
 52631 | Trove    | Identified the ring "Ihusitti" {MP+9 Dex+4}
 53545 | Depths:3 | Killed a caustic shrike
 54168 | Depths:3 | Killed a caustic shrike
 54263 | Depths:3 | Killed Grunn
 55543 | Depths:4 | Found an ancient bone altar of Kikubaaqudgha.
 55722 | Depths:4 | Found a gate to the Realm of Zot.
 55797 | Depths:4 | Found a one-way gateway to a ziggurat.
 55810 | Depths:4 | Noticed Parghit
 55825 | Depths:4 | Killed Parghit
 56217 | Shoals:3 | Killed Keqithrua's ghost
 56538 | Shoals:3 | Identified the +0 helmet "Neuthawn" {Regen+ Int+4 Dex+5}
 56982 | Depths:4 | Reached XP level 25. HP: 217/217 MP: 32/32
 57296 | Zot:1    | Entered Level 1 of the Realm of Zot
 57546 | Zot:5    | Entered Level 5 of the Realm of Zot
 58161 | Zot:5    | Noticed a curse toe
 58175 | Zot:5    | Killed a curse toe
 58586 | Zot:5    | Noticed an orb of fire
 58592 | Zot:5    | Killed an orb of fire
 58592 | Zot:5    | Noticed an orb of fire
 58599 | Zot:5    | Gained mutation: You are very weak. (Str -4) [an orb of
                  | fire]
 58600 | Zot:5    | Killed an orb of fire
 58600 | Zot:5    | Noticed an orb of fire
 58606 | Zot:5    | Killed an orb of fire
 58606 | Zot:5    | Noticed an ancient lich
 58614 | Zot:5    | Killed an ancient lich
 58619 | Zot:5    | Noticed an ancient lich
 58620 | Zot:5    | Killed an ancient lich
 58621 | Zot:5    | Noticed a dread lich
 58623 | Zot:5    | Killed a dread lich
 58624 | Zot:5    | Reached skill level 15 in Armour
 58626 | Zot:5    | Noticed a curse toe
 58632 | Zot:5    | Killed a curse toe
 58651 | Zot:5    | Noticed a dread lich
 58651 | Zot:5    | Noticed a dread lich
 58651 | Zot:5    | Noticed a Killer Klown
 58651 | Zot:5    | Noticed a Killer Klown
 58652 | Zot:5    | Noticed a Killer Klown
 58652 | Zot:5    | Noticed a Killer Klown
 58652 | Zot:5    | Noticed a Killer Klown
 58653 | Zot:5    | Noticed a curse toe
 58654 | Zot:5    | Noticed a Killer Klown
 58662 | Zot:5    | Killed a Killer Klown
 58679 | Zot:5    | Killed a dread lich
 58683 | Zot:5    | Killed a dread lich
 58685 | Zot:5    | Killed a Killer Klown
 58700 | Zot:5    | Killed a Killer Klown
 58701 | Zot:5    | Reached XP level 26. HP: 153/224 MP: 32/32
 58704 | Zot:5    | Killed a Killer Klown
 58717 | Zot:5    | Killed a Killer Klown
 58723 | Zot:5    | Killed a curse toe
 58743 | Zot:5    | Killed a Killer Klown
 59716 | Zot:5    | Got the Orb of Zot
 59735 | Zot:5    | Gained mutation: Your body sometimes deteriorates upon
                  | taking damage. [a neqoxec]
 59861 | Zot:4    | Noticed Kabuzovy the pandemonium lord
 59887 | Zot:4    | Killed Kabuzovy the pandemonium lord
 60591 | D:$      | Escaped with the Orb!

Illustrated notes

Levels and vault maps discovered:
D:1:      dpeg_arrival_concentric_ovals, layout_basic, minmay_liquid_box
D:2:      layout_loops_ring, dreamdust_princess_bridge, minmay_hexomino_f4,
          uniq_sigmund, uniq_jessica
D:3:      layout_loops_corners, minmay_snake_closets
D:4:      layout_loops_ring, nicolae_shop_fire_sale [nicolae_sub_dead_trees]
D:5:      layout_loops_ring, lemuel_coloured_pillars_altar, lightli_minifort
D:6:      layout_basic, mainiacjoe_overflow_tiny_flanked,
          mainiacjoe_overflow_brackets, makhleb_altar_promises_db,
          minmay_temple_entry_slanted, uniq_grinder, uniq_maggie
D:7:      layout_gridville, nzn_wu_jian_council_hall
D:8:      layout_basic, minitemple, tgw_kikubaaqudgha
D:9:      layout_basic, tso_altar, kennysheep_mini_moat,
          minmay_lair_entry_grove, zombieorc2_lemuel, serial_shops, shop, shop,
          kennysheep_mini, nicolae_shop_waterfront, nicolae_shop_hallway_plus,
          corexii_checkpoint_a, hangedman_decor_lopped, uniq_joseph
D:10:     layout_basic, kennysheep_generic_room_14, uniq_snorg
D:11:     layout_cave_pools, gammafunk_ghost_stat_death,
          amcnicky_mini_corridor_feature, dreamdust_wishing_well,
          small_statue_intersection
D:12:     layout_basic, serial_shops, nicolae_shop_trees, minmay_misc_feat_x,
          vehumet_statue
D:13:     minmay_roctagon, layout_cave_pods, david_vaults_1
D:14:     layout_cross, minivault_14
D:15:     hangedman_depths_entry_civil_slaughter, layout_stronghold,
          portal_ice_cave_entry_frozen_things, serial_bayou,
          serial_bayou_pond_c, serial_bayou_ford_a, serial_bayou_shore_b,
          serial_bayou_lagoon_b, serial_bayou_pond_a,
          minmay_misc_feat_secret_circle
Lair:1:   layout_regular_city, grunt_megastairs_4
Lair:2:   layout_misc_corridors, hellmonk_spider_entry_life_and_decay,
          gauntlet_entry_generic, uniq_urug
Lair:3:   layout_layer_cave, elwin_shoals_entry_rooms, grunt_megastairs_3,
          serial_bayou_shore_b, lemuel_fruit_fields, uniq_kirke, uniq_sonja
Lair:4:   layout_hall_layers, minmay_slime_entry_pillars, lemuel_fruit_fields,
          serial_bayou_shore_b
Lair:5:   hellmonk_lair_end_abyssal_woods, layout_small_grid,
          nicolae_lair_grazing_beasts [nicolae_sub_lair_graze_edge,
          nicolae_sub_lair_graze_edge, nicolae_sub_lair_graze_edge,
          nicolae_sub_lair_graze_edge]
Shoals:1: layout_shoals, ebering_ghost_inner_flame
Shoals:2: layout_shoals, uniq_donald, uniq_ilsuiw
Shoals:3: nicolae_shoals_mermall, layout_shoals,
          gammafunk_ghost_berserking_beasts, st_shoals_ruin, uniq_mara,
          uniq_jorgrun
Shoals:4: shoals_end_grunt_ice, layout_shoals, gammafunk_ghost_tricky_traps,
          serial_shops, shop, nicolae_shoals_isolated_beach
Spider:1: layout_spider_delve
Spider:2: layout_spider_delve
Spider:3: layout_spider_delve, gammafunk_ghost_arena
Spider:4: johnstein_spider_rune_arachne_lair, hellmonk_spider_spawner
Slime:1:  layout_caves
Slime:2:  layout_caves, cheibrodos_slime_lost_civilization_5
Slime:3:  layout_caves, special_room [special_room_jelly]
Slime:4:  layout_caves
Slime:5
Orc:1:    layout_caves
Orc:2:    hellmonk_orc_salted, layout_caves, serial_shops, nicolae_square_shop,
          shop, nicolae_shop_hallway_plus, shop, nicolae_orc_bridge_out,
          mines2_david
Elf:1:    eino_elf_arrival_altar, layout_geoelf_octagon, minivault_28,
          uniq_nikola
Elf:2:    nicolae_elf_blades_crystal_corner, layout_geoelf_octagon,
          serial_shops, shop_statue
Elf:3:    nooodl_elf_gasket, layout_geoelf_grid, serial_shops,
          nicolae_shop_hallway_plus,
          nicolae_shop_temple_entry_statues_fountains, shop, shop, shop
Vaults:1: nicolae_vaults_little_squares_5,
          vaults_standard_mumra_enter_the_diamond, v_misc_10,
          nicolae_vaults_ninety_degrees, nicolae_vaults_display_case,
          grunt_vaults_trifunnel, v_alt_pattern_6, ontoclasm_vaults_idyll,
          vaults_room_large_hall, hangedman_vaults_restitches,
          ontoclasm_vaults_fault, vaults_room_hallway, hangedman_vaults_impose,
          ontoclasm_vaults_idyll, vaults_dpeg_encased_lava,
          vaults_room_stairs_pillars, vaults_room_hallway,
          layout_vaults_omnicross, nicolae_trove_entry_crossroad
Vaults:2: gammafunk_ghost_ooze, nicolae_vaults_windows_and_doors_thing,
          dpeg_vaults_monster_row, vaults_mumra_chevron_long,
          vaults_mumra_hexcomb, door_vault, v_misc_10,
          ontoclasm_vaults_shuriken, nicolae_vaults_little_squares_5,
          vaults_dpeg_cross, layout_vaults_quadrants, uniq_frederick,
          uniq_zenata
Vaults:3: minmay_crypt_entry_necro_gods, v_rooms_5,
          ontoclasm_vaults_ring_square, v_misc_11, v_misc_17,
          vaults_room_stairs_pillars, v_misc_33,
          hangedman_vaults_stretched_pinwheel, ontoclasm_vaults_ring_small,
          hangedman_vaults_capsules, v_misc_8, nicolae_vaults_little_ls,
          v_misc_27, hangedman_vaults_slice, layout_vaults_ring, uniq_boris
Vaults:4: v_rooms_5, vaults_standard_mumra_enter_the_diamond,
          nicolae_vaults_twisting_passages, nicolae_vaults_circle_grid_b,
          nicolae_vaults_little_squares_5, vaults_room_boxed,
          gammafunk_sealed_arena, hangedman_vaults_trim, vaults_dpeg_ring,
          v_misc_27, vaults_room_large_hall, layout_vaults_omnibox
Depths:1: layout_cave_pools, grunt_hell_entry_dis_mu, roderic_lattice_a,
          serial_shops, shop, tgw_xom, uniq_saint_roka
Depths:2: minmay_bubble_buster, layout_gridlike, grunt_mini_vestibule,
          nicolae_elevator_lobby_plus, grunt_pan_entry_in_and_out,
          hangedman_abyss_entry_splay, yredelemnul_forgotten_temple_becter,
          minmay_staircase_windowed_large
Depths:3: nicolae_cairo_tiling_very_big, layout_gridville, abyss_entry,
          gammafunk_ghost_crypt, nrook_mini_vaults, hell_entry,
          grunt_dithmenos_smoke, infiniplex_staircase_zigzag_1,
          serial_bayou_shore_a
Depths:4: evilmike_zot_entry_diamond, layout_cave_shapes, enter_ziggurat_d,
          pf_hell_entry_great_geh, kiku_gazebo_garden_becter,
          minmay_room_of_horrors, uniq_parghit, uniq_margery, uniq_grunn
Zot:1:    layout_cellular_growth, grunt_ministairs_1, nicolae_diode_basic
Zot:2:    layout_basic, nzn_ghost_randoct, uniq_josephina
Zot:3:    layout_misc_corridors, gammafunk_ghost_cemetery,
          st_small_dragon_hoard_3
Zot:4:    layout_twisted_circle, zot_minivault_3
Zot:5:    layout_cathedral_of_symmetry, st_stairs_8, grunt_ministairs_4

Skill      XL: |  1  2  3  4  5  6  7  8  9 10 11 12 13 14 15 16 17 18 19 20 21 22 23 24 25 26 |
---------------+-------------------------------------------------------------------------------+-----
Fighting       | 2 3 4 5 7 8 10 14 15 17 20 21 22 | 22.0
Long Blades    | 4 5 6 7 8 10 11 14 15 16 17 18 22 | 22.0
Evocations     | 4 5 8 12 15 16 18 19 20 | 20.3
Armour         | 3 4 5 7 10 17 19 | 19.4
Dodging        | 2 4 5 10 11 13 | 13.7
Invocations    | 4 7 12 | 12.0
Stealth        | 4 6 10 | 10.0
Shields        | 9 10 15 | 15.0
Throwing       | 9 10 | 10.0

Action                   |  1- 3 |  4- 6 |  7- 9 | 10-12 | 13-15 | 16-18 | 19-21 | 22-24 | 25-27 || total
-------------------------+-------+-------+-------+-------+-------+-------+-------+-------+-------++-------
Melee: Club              |    24 |       |       |       |       |       |       |       |       ||    24
       Short sword       |    79 |       |       |       |       |       |       |       |       ||    79
       Falchion          |    14 |   104 |   393 |   391 |       |       |       |       |       ||   902
       Punch             |     1 |     2 |     4 |     3 |       |       |       |       |       ||    10
       Unarmed           |       |       |     5 |     8 |       |       |       |       |       ||    13
       Great sword       |       |       |       |   237 |   356 |    96 |    19 |       |       ||   708
       Long sword        |       |       |       |       |   473 |   802 |   597 |    31 |       ||  1903
       Triple sword      |       |       |       |       |    11 |       |   158 |   699 |   321 ||  1189
Throw: Dart              |       |     4 |     1 |     2 |    10 |    30 |       |       |       ||    47
       Throwing net      |       |       |     2 |     2 |       |     1 |     1 |       |       ||     6
       Javelin           |       |       |       |       |       |    10 |     8 |    14 |     5 ||    37
Invok: Bend Time         |       |       |     1 |     2 |     2 |     1 |       |       |     2 ||     8
       Slouch            |       |       |       |     4 |     3 |    28 |    11 |    11 |       ||    57
       Step From Time    |       |       |       |       |       |     1 |       |     1 |       ||     2
 Abil: Dig               |       |       |     4 |    11 |    10 |    16 |    11 |     1 |     7 ||    60
Evoke: Wand              |     3 |     7 |    15 |    17 |     2 |    13 |     2 |     5 |    14 ||    78
       Phial of floods   |       |       |       |       |     1 |     3 |     2 |     2 |     2 ||    10
       Phantom mirror    |       |       |       |       |       |     2 |     1 |     3 |     1 ||     7
       Condenser vane    |       |       |       |       |       |       |     4 |     3 |     4 ||    11
       Lightning rod     |       |       |       |       |       |       |     4 |       |       ||     4
       Tin of tremorston |       |       |       |       |       |       |       |     4 |     4 ||     8
  Use: Scroll            |     6 |       |    11 |    12 |    10 |     3 |     7 |    10 |     6 ||    65
       Potion            |       |       |     2 |     3 |     2 |    12 |     3 |    10 |    37 ||    69
 Stab: Sleeping          |     1 |       |     2 |     9 |    18 |    11 |    26 |    37 |       ||   104
       Paralysed         |       |       |     6 |       |       |     3 |       |     6 |       ||    15
       Distracted        |       |       |       |     2 |     9 |     8 |    11 |     4 |     2 ||    36
       Held in net/web   |       |       |       |     2 |       |       |     1 |       |       ||     3
       Invisible         |       |       |       |       |       |     5 |       |       |     7 ||    12
Armor: Leather armour    |    41 |       |    12 |       |       |       |       |       |       ||    53
       Chain mail        |       |    45 |    95 |       |       |       |       |       |       ||   140
       Swamp dragon scal |       |       |    29 |   125 |   104 |   158 |    81 |    97 |       ||   594
       Skin              |       |       |     9 |    19 |       |       |       |     6 |       ||    34
       Gold dragon scale |       |       |       |       |       |       |       |    17 |   112 ||   129
Dodge: Dodged            |    75 |    29 |   145 |   249 |   301 |   552 |   354 |   367 |   130 ||  2202
Block: Kite shield       |       |       |       |   387 |   737 |  1022 |   618 |   707 |   276 ||  3747
       Reflection        |       |       |       |       |    17 |    29 |    66 |    42 |       ||   154
       Rpst.: Long sword |       |       |       |       |       |    96 |   142 |    10 |       ||   248
       Great sword       |       |       |       |       |       |    11 |     4 |       |       ||    15
       Triple sword      |       |       |       |       |       |       |    74 |   270 |   103 ||   447

Table legend: (Time is in decaauts)
 A = Elapsed time spent in this place.
 B = Non-inter-level travel time spent in this place.
 C = Inter-level travel time spent in this place.
 D = Time resting spent in this place.
 E = Time spent auto-exploring this place.
 F = Levels seen in this place.
 G = Mean time per level.
                   A        B        C        D        E       F      G
               +--------+--------+--------+--------+--------+-----+--------+
         Total |  88817 |  78713 |  10104 |  13525 |  35287 |  53 | 1675.8 |
       Dungeon |  26279 |  21686 |   4593 |   2821 |  10459 |  15 | 1751.9 |
          Lair |  10654 |   9324 |   1330 |    838 |   4291 |   5 | 2130.8 |
        Shoals |   6898 |   6204 |    694 |   1145 |   2852 |   4 | 1724.5 |
   Spider Nest |   9327 |   8830 |    497 |   2903 |   2421 |   4 | 2331.8 |
    Slime Pits |   1384 |   1248 |    136 |    317 |      0 |   5 |  276.8 |
  Orcish Mines |   2896 |   2597 |    299 |    245 |   1193 |   2 | 1448.0 |
   Elven Halls |   5877 |   5606 |    271 |   1321 |   1763 |   3 | 1959.0 |
        Vaults |  10052 |   9111 |    941 |    226 |   6237 |   4 | 2513.0 |
        Depths |  11323 |   9985 |   1338 |   2283 |   5496 |   4 | 2830.8 |
           Zot |   3490 |   3490 |      0 |   1423 |    148 |   5 |  698.0 |
         Trove |    181 |    181 |      0 |      0 |     47 |   1 |  181.0 |
      Gauntlet |    450 |    450 |      0 |      0 |    376 |   1 |  450.0 |
               +--------+--------+--------+--------+--------+-----+--------+

Top non-repeatable levels by time:
Depths:3: 4766 daAuts
Spider:3: 3837 daAuts
   Elf:3: 3216 daAuts
     D:9: 3132 daAuts
  Lair:3: 2913 daAuts
Shoals:3: 2889 daAuts
Vaults:2: 2874 daAuts
Vaults:1: 2749 daAuts
Depths:2: 2616 daAuts
    D:13: 2606 daAuts
   Zot:5: 2477 daAuts
    D:15: 2434 daAuts
Vaults:3: 2393 daAuts
Spider:4: 2355 daAuts
    D:10: 2312 daAuts
